 Dungeon Crawl Stone Soup version 0.32-a0-450-g080537f31e (webtiles) character file.

Game seed: 1841894355798288742

361 PriceMaster the Apothecary (level 6, -2/29 HPs)
             Began as a Spriggan Alchemist on Feb 23, 2024.
             Slain by a water moccasin (9 damage)
             ... on level 5 of the Dungeon.
             The game lasted 00:03:44 (3927 turns).

PriceMaster the Apothecary (Spriggan Alchemist)     Turns: 3927, Time: 00:03:44

Health: -2/29      AC:  2    Str:  4    XL:     6   Next: 38%
Magic:  5/13       EV: 18    Int: 19    God:
Gold:   150        SH:  0    Dex: 15    Spells: 9/14 levels left

rFire   . . .        o - staff of alchemy
rCold   . . .        (shield currently unavailable)
rNeg    . . .        a - +0 robe
rPois   +            (helmet restricted)
rElec   .            (no cloak)
rCorr   .            (gloves unavailable)
SInv    +            (boots unavailable)
Will    +....        (no amulet)
Stlth   +++          (no ring)
HPRegen 0.24/turn    (no ring)
MPRegen 0.13/turn

%: no passive effects
@: very quick
A: very small, no large weapons, unfitting armour, see invisible, speed 3
a: no special abilities


You were on level 5 of the Dungeon.
You visited 1 branch of the dungeon, and saw 5 of its levels.

You collected 150 gold pieces.

Inventory:

Hand Weapons
 g - a +2 short sword of holy wrath
Armour
 a - a +0 robe (worn)
Magical Staves
 o - a staff of alchemy (weapon)
Talismans
 l - a beast talisman
Scrolls
 c - 6 scrolls of identify {unknown}
 f - a scroll of poison {unknown}
 i - 2 scrolls of fog {unknown}
 m - a scroll of blinking {unknown}
 n - a scroll of vulnerability {unknown}
 q - 3 scrolls of enchant armour {unknown}
Potions
 b - a potion of magic
 d - a potion of resistance {unknown}
 e - 2 potions of curing {unknown}
 h - 2 potions of mutation {unknown}
 j - a potion of degeneration {unknown}
 k - 2 potions of heal wounds {unknown}
 p - a potion of lignification {unknown}


   Skills:
 + Level 0.4 Fighting
 - Level 2.4 Short Blades
 + Level 3.9 Dodging
 + Level 4.7 Stealth
 + Level 4.6 Spellcasting
 + Level 1.7 Conjurations
 + Level 4.7 Alchemy


You had 9 spell levels left.
You knew the following spells:

 Your Spells              Type           Power      Damage    Failure   Level
a - Sting                 Conj/Alch      100%       1d9       3%          1
b - Olgreb's Toxic Radia  Alch           33%        N/A       19%         4

Your spell library contained the following spells:

 Spells                   Type           Power      Damage    Failure   Level
 Mercury Vapours          Alch/Air       38%        N/A       8%          2
 Mephitic Cloud           Conj/Alch/Air  18%        N/A       16%         3
 Call Imp                 Summ           8%         N/A       21%         2
 Sublimation of Blood     Necr           4%         N/A       21%         2
 Sticky Flame             Fire/Alch      19%        2d6       43%         4
 Animate Dead             Necr           4%         N/A       78%         4
 Borgnjor's Vile Clutch   Necr/Erth      2%         N/A       98%         5
 Death Channel            Necr           2%         N/A       100%        6
 Summon Hydra             Summ           2%         N/A       100%        7


Dungeon Overview and Level Annotations

Branches:
Dungeon (5/15)             Temple (0/1) D:5

Altars:
Nemelex Xobeh
Zin
The Shining One


Innate Abilities, Weirdness & Mutations

You are very small and have problems with some larger weapons.
You are too small for most types of armour.
You have supernaturally acute eyesight. (SInv)
You cover ground extremely quickly. (Speed+++)


Message History

You feel a surge of power!
You begin to radiate toxic energy.
Casting: Olgreb's Toxic Radiance (extremely dangerous; 19% risk of failure)
Confirm with . or Enter, or press ? or * to list all spells.
Aiming: Sting (safe; 3% risk of failure)
Press: ? - help, Shift-Dir - straight line, f/p - water moccasin
Aim: a water moccasin (63% to hit)
You feel a surge of power!
The sting hits the water moccasin.
The water moccasin partially resists.
The water moccasin is poisoned.
The water moccasin is lightly wounded.
Your toxic aura wanes.
The water moccasin bites you.
Casting: Sting (safe; 3% risk of failure)
Confirm with . or Enter, or press ? or * to list all spells.
Aiming: Sting (safe; 3% risk of failure)
Press: ? - help, Shift-Dir - straight line, f/p - water moccasin
Aim: a water moccasin (moderately wounded, poisoned, 63% to hit)
You feel a surge of power!
The sting hits the water moccasin.
The water moccasin partially resists.
The water moccasin is moderately wounded.
Unknown command.
The water moccasin bites you.
You are poisoned.
The water moccasin poisons you!
You feel sick.
The water moccasin looks more healthy.
You feel sick.
You feel sick.
You feel sick.
Found a staircase to the Ecumenical Temple.
You feel sick.
You feel sick.
You feel sick.
You feel sick.
You feel sick.
You feel sick. The water moccasin closely misses you.
You feel sick.
You are no longer poisoned.
The water moccasin attacks as it pursues you!
The water moccasin bites you!
You die...

.#...#..#.# #...#.##.#
#...#.##<# #...#.##.##
##)##.#...####..
......#.........
#########......>..###...
###..........####.#### .
#......#.##@##.......# #
#.......S....##.##.#
#.#...........###<# #
#.#.#..#.##.......#
#........##.......#
###.##.#.###.######
#......# #.#
####.##...... #.# ......


You could see a water moccasin.

Vanquished Creatures
  A black bear (D:4)
  A scorpion (D:3)
  A jelly (D:4)
  A hound (D:4)
  An orc priest (D:4)
  An orc wizard (D:4)
  2 adders
  2 dart slugs
  A ribbon worm (D:2)
  8 orcs
  6 ball pythons
  6 endoplasms
  4 giant cockroaches
  2 goblins (D:1)
  2 hobgoblins
  3 jackals (D:1)
  6 kobolds
  3 quokkas (D:1)
  3 bats
  6 frilled lizards
  5 rats
65 creatures vanquished.

Notes
Turn   | Place    | Note
-------+----------+-------------------------------------------
     0 | D:1      | PriceMaster the Spriggan Alchemist began the quest for the
                  | Orb.
     0 | D:1      | Reached XP level 1. HP: 9/9 MP: 5/5
   208 | D:1      | Reached XP level 2. HP: 13/13 MP: 4/7
   436 | D:1      | Reached skill level 1 in Conjurations
   821 | D:2      | Reached XP level 3. HP: 16/16 MP: 8/8
   954 | D:2      | Reached skill level 1 in Short Blades
  1056 | D:2      | Found a faded altar of an unknown god.
  1649 | D:3      | Found a sparkling altar of Nemelex Xobeh.
  1822 | D:3      | Noticed a scorpion
  1839 | D:3      | Killed a scorpion
  1840 | D:3      | Reached XP level 4. HP: 14/21 MP: 4/10
  1970 | D:3      | Learned a level 4 spell: Olgreb's Toxic Radiance
  2387 | D:4      | Reached XP level 5. HP: 24/24 MP: 4/11
  3333 | D:4      | Found a glowing golden altar of the Shining One.
  3341 | D:4      | Noticed a black bear
  3354 | D:4      | Killed a black bear
  3355 | D:4      | Reached XP level 6. HP: 14/29 MP: 6/13
  3420 | D:4      | Found a glowing silver altar of Zin.
  3872 | D:5      | Entered Level 5 of the Dungeon
  3876 | D:5      | Noticed a water moccasin
  3918 | D:5      | Found a staircase to the Ecumenical Temple.
  3927 | D:5      | Slain by a water moccasin

Illustrated notes

Levels and vault maps discovered:
D:1:      onia_arrival_pentagram, layout_basic
D:2:      layout_rooms, hellmonk_ecumenical_altar_heavens_door,
          serial_bayou_lagoon_a, minmay_small_reverse_x
D:3:      layout_basic, mainiacjoe_overflow_catwalk
D:4:      layout_layer_cave, mainiacjoe_overflow_big_doors,
          kennysheep_generic_room_11
D:5:      layout_loops_cross, temple_statues

Skill      XL: |  1  2  3  4  5 |
---------------+----------------+-----
Spellcasting   | 3 4 |  4.6
Conjurations   | 1 |  1.7
Dodging        | 3 |  3.9
Short Blades   | 1 2 |  2.4
Alchemy        | 4 |  4.7
Stealth        | 4 |  4.7
Fighting       | |  0.4

Action                     |  1- 3 |  4- 6 || total
---------------------------+-------+-------++-------
  Melee: Unarmed           |     3 |       ||     3
         Short sword       |    55 |       ||    55
         Staff             |     1 |    16 ||    17
   Cast: Sting             |    50 |    24 ||    74
         Olgreb's Toxic Ra |       |     7 ||     7
   Stab: Sleeping          |    10 |       ||    10
 Armour: Robe              |    17 |    12 ||    29
  Dodge: Dodged            |    54 |    26 ||    80

Table legend: (Time is in decaauts)
 A = Elapsed time spent in this place.
 B = Non-inter-level travel time spent in this place.
 C = Inter-level travel time spent in this place.
 D = Time resting spent in this place.
 E = Time spent auto-exploring this place.
 F = Levels seen in this place.
 G = Mean time per level.
                   A        B        C        D        E       F      G
               +--------+--------+--------+--------+--------+-----+--------+
         Total |   2843 |   2802 |     41 |    285 |   2122 |   5 |  568.6 |
       Dungeon |   2843 |   2802 |     41 |    285 |   2122 |   5 |  568.6 |
               +--------+--------+--------+--------+--------+-----+--------+

Top non-repeatable levels by time:
     D:4: 1164 daAuts
     D:1: 600 daAuts
     D:3: 599 daAuts
     D:2: 442 daAuts
     D:5: 35 daAuts
